 Dungeon Crawl Stone Soup version 0.26.0-10-g1f06aea511 (webtiles) character file.

Game seed: 17018086905924757962

104848 Borgoz the Bludgeoner (level 16, -3/105 HPs)
             Began as a Gargoyle Berserker on Jan 17, 2021.
             Was the Champion of Trog.
             Slain by a slime creature (12 damage)
             ... on level 6 of the Lair of Beasts.
             The game lasted 00:40:08 (25369 turns).

Borgoz the Bludgeoner (Gargoyle Berserker)         Turns: 25369, Time: 00:40:09

Health: -3/105     AC: 29    Str: 24    XL:     16   Next: 39%
Magic:  0/5        EV: 21    Int:  7    God:    Trog [******]
Gold:   2021       SH:  8    Dex: 16    Spells: 15/15 levels left

rFire    . . .     SeeInvis .   a - +4 great mace (antimagic)
rCold    + + .     Faith    .   (shield currently unavailable)
rNeg     + . .     Spirit   +   L - +2 ring mail {Will+}
rPois    ∞         Reflect  .   (no helmet)
rElec    +         Harm     .   P - +1 cloak {rC+}
rCorr    .         Rampage  .   m - +1 pair of gloves
Will     ++++.                  t - +1 pair of boots
Stlth    +.........             g - brooch of Shielding {Spirit SH+8}
HPRegen  1.27/turn              x - ring "Huantuw" {+Inv rPois Dex+2 Slay+4}
MPRegen  0.09/turn              G - ring of protection from cold

@: berserk cooldown, flying, regenerating, slowed, very slow
A: big wings, negative energy resistance 1, electricity resistance, unbreathing,
petrification resistance, miasma immunity, AC +12
a: Stop Flying, Renounce Religion, Evoke Invisibility, Berserk, Trog's Hand,
Brothers in Arms


You were on level 6 of the Lair of Beasts.
You worshipped Trog.
Trog was exalted by your worship.
You visited 3 branches of the dungeon, and saw 22 of its levels.
You also visited: Bailey and Ice Cave.

You collected 2834 gold pieces.
You spent 813 gold pieces at shops.

Inventory:

Hand Weapons
 a - a +4 antimagic great mace (weapon)
Missiles
 z - 7 throwing nets (quivered)
Armour
 m - a +1 pair of gloves (worn)
 t - a +1 pair of boots (worn)
 L - a +2 ring mail of willpower (worn)
 P - a +1 cloak of cold resistance (worn)
Jewellery
 g - the brooch of Shielding (around neck) {Spirit SH+8}
   (You found it on level 5 of the Dungeon)

   [amulet of guardian spirit]

   It causes incoming damage to be split between your health and magic.
   It affects your SH (+8).
 w - an uncursed ring of protection from fire {unknown}
 x - the ring "Huantuw" (left hand) {+Inv rPois Dex+2 Slay+4}
   (You bought it in a shop on level 6 of the Dungeon)

   [ring of poison resistance]

   It affects your dexterity (+2).
   It affects your accuracy and damage with ranged weapons and melee attacks
   (+4).
   It protects you from poison.
   It lets you turn invisible.
 C - the ring of the Little Devil {Ice Will+ Int+4}
   (You found it on level 7 of the Dungeon)

   [ring of ice]

   It enhances your ice magic.
   It affects your intelligence (+4).
   It makes you vulnerable to fire.
   It protects you from cold.
   It affects your willpower, your defense against some magical effects.
 F - the ring of the Will of the Gods {+Inv rPois rC- Dex+6 Stlth+}
   (You bought it in a shop on level 6 of the Dungeon)

   [ring of dexterity]

   It affects your dexterity (+6).
   It makes you vulnerable to cold.
   It protects you from poison.
   It lets you turn invisible.
   It makes you more stealthy.
 G - a ring of protection from cold (right hand)
Wands
 d - a wand of paralysis (14)
 k - a wand of acid (7)
 s - a wand of digging (11)
 v - a wand of iceblast (31)
 I - a wand of flame (125)
Scrolls
 c - 3 scrolls of fog
 f - 11 scrolls of remove curse
 l - 9 scrolls of teleportation
 n - a scroll of holy word
 p - 3 scrolls of identify
 q - 5 scrolls of enchant weapon
 E - 3 scrolls of magic mapping
 H - a scroll of fear
 J - 7 scrolls of blinking
 N - a scroll of summoning
Potions
 b - a potion of berserk rage
 e - 11 potions of curing
 h - 17 potions of ambrosia
 i - 4 potions of resistance
 j - a potion of magic
 o - a potion of invisibility
 r - 2 potions of mutation
 u - 7 potions of heal wounds
 B - 2 potions of might
 D - 3 potions of haste


   Skills:
 + Level 13.8 Fighting
 + Level 15.9 Maces & Flails
 + Level 13.5 Armour
 + Level 13.6 Dodging


You had 15 spell levels left.
You didn't know any spells.
Your spell library was empty.

Dungeon Overview and Level Annotations

Branches:
Dungeon (15/15)            Temple (1/1) D:5            Lair (6/6) D:8
 Shoals (0/4) Lair:3        Snake (0/4) Lair:3        Slime (0/5) Lair:6
    Orc (0/2) D:11         Vaults (0/5) D:14         Depths (0/5) D:15
 Bailey (visited)           IceCv (visited)

Altars:
Ashenzari
Cheibriados
Dithmenos
Elyvilon
Fedhas
Gozag
Hepliaklqana
Kikubaaqudgha
Makhleb
Nemelex Xobeh
Okawaru
Qazlal
Ru
Sif Muna
Trog
Uskayaw
Vehumet
Wu Jian
Xom
Yredelemnul
Zin
The Shining One
Jiyva

Shops:
D:4 *   D:6 *   D:8 *   D:9 (   D:10 *   D:11 ?

Portals:
Trove: D:11 (give 10 potions of heal wounds)


Innate Abilities, Weirdness & Mutations

You are resistant to torment.
Your stone body is resilient. (AC +12)
You are immune to poison.
Your large and strong wings let you fly indefinitely.
You resist negative energy. (rN+)
You are resistant to electric shocks. (rElec)
You can survive without breathing.
You are immune to petrification.
You are immune to miasma.


Message History

The very large slime creature is severely wounded.
A very large slime creature splits.
The large slime creature completely misses you.
You bludgeon the large slime creature!!
The large slime creature is almost dead.
The large slime creature hits you!!
* * * LOW HITPOINT WARNING * * *
The slime creature completely misses you.
You sock the large slime creature!
The large slime creature is almost dead.
The large slime creature completely misses you.
The slime creature hits you!
* * * LOW HITPOINT WARNING * * *
The large slime creature hits you!
* * * LOW HITPOINT WARNING * * *
You feel much better. The slime creature closely misses you.
The large slime creature hits you!
* * * LOW HITPOINT WARNING * * *
The slime creature hits you!
You die...

##.....
#.....########
###.....#......#
#..#.#..#J.....#
#.......#JJJ_..#
##.....#JJJ...#
#P....J#JJJJ..#
#....@JJJ#
####.#####
##...# #...###
##....#
#######.....#
###.#.#.#.....#
#...........###
#.........##


You could see a large slime creature, a slime creature, 8 jellies and an ooze.

Vanquished Creatures
  Agnes (D:14)
  An azure jelly (Lair:6)
  Azrael (D:13)
  2 fire dragons
  5 death oozes (Lair:6)
  The ghost of Junaliek the Protected, a journeyman MiFi of Okawaru (Lair:2)
  Erolcha (D:12)
  A yaktaur captain (D:15)
  Fannar (Lair:1)
  Erica (D:11)
  3 vault guards (D:14)
  The ghost of Dracia the Martial Artist, a journeyman DsMo of Wu Jian (D:9)
  7 hydras
  A boulder beetle (Lair:3)
  Harold (D:10)
  2 catoblepae
  6 centaur warriors
  An anaconda (Lair:4)
  An alligator (Lair:4)
  6 two-headed ogres
  3 tengu warriors
  Sonja (Lair:1)
  Nergalle (D:10)
  An unseen horror (D:8)
  A wizard (D:14)
  A swamp dragon (Lair:6)
  An obsidian statue (D:11)
  3 orc knights
  3 necromancers
  2 cyclopes
  4 ugly things
  2 merfolk sirens (Lair:3)
  A manticore (D:12)
  An ice statue (IceCv)
  16 elephants
  11 cane toads
  11 black mambas
  Psyche (D:8)
  2 gargoyles
  A torpor snail (Lair:4)
  3 centaur skeletons
  An eye of devastation (Lair:6)
  20 rime drakes
  13 komodo dragons
  3 tengu conjurers (D:15)
  An efreet (D:14)
  A yaktaur (D:15)
  11 freezing wraiths
  4 trolls
  2 merfolk (Lair:3)
  4 hornets
  2 polar bears
  Grinder (D:4)
  A wolf spider simulacrum (IceCv)
  2 queen bees (Lair:2)
  A dream sheep (Lair:4)
  4 slime creatures
  5 blink frogs (Lair:2)
  A shadow (D:14)
  2 vampires
  A water elemental (D:12)
  38 yaks
  3 fire elementals
  7 basilisks
  6 wyverns
  19 humans (D:14)
  9 steam dragons
  Edmund (D:5)
  19 water moccasins
  2 soldier ants
  An acid dragon (D:15)
  A hell hound (D:12)
  A hornet zombie (D:12)
  11 ice beasts
  17 orc warriors
  3 swamp drakes
  4 sky beasts
  An eye of draining (Lair:6)
  2 phantoms (D:14)
  A black bear (D:13)
  3 necrophages
  5 ogres
  21 centaurs
  8 wolves
  2 big kobolds (D:10)
  20 bullfrogs
  Blork the orc (D:4)
  A gnoll sergeant (D:5)
  A wyvern zombie (D:9)
  2 wyvern skeletons
  9 scorpions
  32 killer bees
  2 swamp dragon simulacra (IceCv)
  22 wights
  11 electric eels
  2 vampire bats (Lair:2)
  2 howler monkeys
  3 bullfrog zombies
  A quasit (D:13)
  4 centaur zombies
  2 draconian simulacra (IceCv)
  10 hounds
  11 orc priests
  A gnoll shaman (D:7)
  5 jellies
  8 bullfrog skeletons
  6 iguanas
  25 orc wizards
  Crazy Yiuf (D:2)
  Jessica (D:2)
  9 worker ants
  Natasha (thrice) (D:2)
  2 spriggan simulacra (IceCv)
  A polar bear simulacrum (IceCv)
  3 troll simulacra (IceCv)
  4 centaur simulacra (IceCv)
  A hound zombie (D:6)
  A hound skeleton (D:5)
  2 worker ant zombies
  16 gnolls
  26 adders
  8 naga simulacra (IceCv)
  An ogre simulacrum (IceCv)
  2 shadow imps
  14 white imps
  2 ufetubi
  An ooze (D:3)
  An adder skeleton (D:10)
  3 adder zombies
  3 worms (D:2)
  A dart slug (D:3)
  4 leopard geckos
  77 orcs
  3 giant cockroaches
  10 goblins
  8 hobgoblins
  4 jackals
  24 kobolds
  2 quokkas
  9 ball pythons
  13 bats
  6 frilled lizards
  A leopard gecko skeleton (D:6)
  5 rats
832 creatures vanquished.

Vanquished Creatures (others)
  A fire elemental (D:13)
  A sky beast (D:13)
  An ogre (D:7)
  A centaur (D:13)
  A worker ant (D:7)
  3 orcs
  2 quokkas
  32 fungi
  92 plants
134 creatures vanquished.

Grand Total: 966 creatures vanquished

Notes
Turn   | Place    | Note
-------+----------+-------------------------------------------
     0 | D:1      | Borgoz the Gargoyle Berserker began the quest for the Orb.
     0 | D:1      | Reached XP level 1. HP: 14/14 MP: 1/1
   318 | D:1      | Reached XP level 2. HP: 16/19 MP: 2/2
   861 | D:2      | Found a faded altar of an unknown god.
   958 | D:2      | Noticed Natasha
   969 | D:2      | Killed Natasha
   970 | D:2      | Reached XP level 3. HP: 19/23 MP: 3/3
  1416 | D:2      | HP: 1/23 [worm (6)]
  1843 | D:2      | Noticed Natasha
  1852 | D:2      | Killed Natasha
  1853 | D:2      | Reached XP level 4. HP: 29/29 MP: 4/4
  1933 | D:2      | Noticed Natasha
  1937 | D:2      | Killed Natasha
  2054 | D:2      | Found a runed translucent door.
  2055 | D:2      | Noticed Crazy Yiuf
  2189 | D:2      | Found a burning altar of Makhleb.
  2189 | D:2      | Noticed a blizzard demon
  2257 | D:2      | Noticed Jessica
  2264 | D:2      | Killed Jessica
  2265 | D:2      | Reached skill level 4 in Maces & Flails
  2265 | D:2      | Reached XP level 5. HP: 33/33 MP: 5/5
  2572 | D:2      | Killed Crazy Yiuf
  2706 | D:3      | Reached ** piety under Trog
  2817 | D:3      | Reached XP level 6. HP: 38/38 MP: 6/6
  3595 | D:4      | Reached *** piety under Trog
  3766 | D:4      | Reached skill level 5 in Maces & Flails
  3818 | D:4      | Reached XP level 7. HP: 44/44 MP: 7/7
  4018 | D:4      | Noticed Grinder
  4035 | D:4      | Found Miqy's Assorted Antiques.
  4050 | D:4      | Killed Grinder
  4151 | D:4      | Bought 2 scrolls labelled ISAURH DEGHU for 48 gold pieces
  4151 | D:4      | Bought a scroll labelled XENUEDODIE for 24 gold pieces
  4151 | D:4      | Bought a smoky sapphire potion for 21 gold pieces
  4151 | D:4      | Bought a metallic purple potion for 21 gold pieces
  4151 | D:4      | Bought a smoky sapphire potion for 21 gold pieces
  4240 | D:4      | Noticed Blork the orc
  4249 | D:4      | Found a shimmering blue altar of Sif Muna.
  4548 | D:5      | Entered Level 5 of the Dungeon
  4557 | D:5      | Reached skill level 5 in Fighting
  4593 | D:5      | Reached XP level 8. HP: 49/49 MP: 8/8
  4604 | D:5      | Reached skill level 6 in Maces & Flails
  5296 | D:5      | Reached skill level 5 in Dodging
  5386 | D:5      | Found a staircase to the Ecumenical Temple.
  5409 | D:5      | Reached skill level 5 in Armour
  5431 | D:5      | Found a shadowy altar of Dithmenos.
  5432 | D:5      | Noticed Edmund
  5452 | D:5      | Killed Edmund
  5453 | D:5      | Reached skill level 7 in Maces & Flails
  5686 | D:5      | Found the brooch of Shielding {Spirit SH+8}
  5827 | Temple   | Entered the Ecumenical Temple
  6029 | D:6      | Reached XP level 9. HP: 51/55 MP: 9/9
  6053 | D:6      | Found Guom's Assorted Antiques.
  6068 | D:6      | Bought a scroll labelled JOABBAAWUST for 29 gold pieces
  6068 | D:6      | Bought a scintillating lead ring for 145 gold pieces
  6068 | D:6      | Identified the ring "Huantuw" {+Inv rPois Dex+2 Slay+4}
                  | (You bought it in a shop on level 6 of the Dungeon)
  6426 | D:6      | Reached **** piety under Trog
  6870 | D:7      | Found a shimmering altar of Xom.
  7027 | D:7      | Reached skill level 8 in Maces & Flails
  7027 | D:7      | Noticed a hornet
  7149 | D:7      | Killed a hornet
  7180 | D:7      | Got a warped granite ring
  7296 | D:7      | Identified the ring of the Little Devil {Ice Will+ Int+4}
                  | (You found it on level 7 of the Dungeon)
  7463 | D:8      | Noticed Psyche
  7476 | D:8      | Paralysed by something for 3 turns
  7536 | D:8      | Reached XP level 10. HP: 37/61 MP: 10/10
  7552 | D:8      | Killed Psyche
  7578 | D:8      | Found a staircase to the Lair.
  7624 | D:8      | Found Qethil's General Store.
  7634 | D:8      | Reached skill level 9 in Maces & Flails
  7652 | D:8      | Found a flagged portal.
  7683 | Bailey   | Entered a bailey
  7797 | Bailey   | Noticed an orc knight
  7803 | Bailey   | Noticed an orc knight
  7908 | Bailey   | Killed an orc knight
  7978 | Bailey   | Killed an orc knight
  8250 | D:8      | Killed an unseen horror
  8251 | D:8      | Reached XP level 11. HP: 52/68 MP: 9/11
  8352 | D:8      | Reached skill level 10 in Maces & Flails
  8792 | D:9      | Reached ***** piety under Trog
  8841 | D:9      | Found Ebuheymp's Antique Weapon Boutique.
  8981 | D:6      | Bought a brightly glowing copper ring for 145 gold pieces
  8981 | D:6      | Bought a gilded ring for 145 gold pieces
  9010 | D:4      | Bought a potion of ambrosia for 192 gold pieces
  9011 | D:4      | Identified the ring of the Will of the Gods {+Inv rPois rC-
                  | Dex+6 Stlth+} (You bought it in a shop on level 6 of the
                  | Dungeon)
  9581 | D:9      | Found a runed translucent door.
  9581 | D:9      | Noticed Dracia's ghost (journeyman DsMo)
  9813 | D:9      | Killed Dracia's ghost
  9820 | D:9      | Got an encrusted flail
  9835 | D:9      | Identified the +9 flail of Cuameyll {venom, *Rage +Blink
                  | Int+2 SInv} (You found it on level 9 of the Dungeon)
  9867 | D:10     | Entered Level 10 of the Dungeon
 10028 | D:10     | Noticed Harold
 10029 | D:10     | Found Ceostron's General Store.
 10040 | D:10     | Killed Harold
 10292 | D:10     | Noticed Nergalle
 10306 | D:10     | Killed Nergalle
 10644 | D:11     | Found a portal to a secret trove of treasure.
 10805 | D:11     | Noticed a two-headed ogre
 10812 | D:11     | Killed a two-headed ogre
 10813 | D:11     | Reached skill level 11 in Maces & Flails
 10882 | D:11     | Found Qyhiykki's Magic Scroll Emporium.
 10894 | D:11     | Bought a scroll of identify for 22 gold pieces
 10899 | D:11     | Noticed a two-headed ogre
 10904 | D:11     | Killed a two-headed ogre
 10950 | D:11     | Found a staircase to the Orcish Mines.
 11024 | D:11     | Noticed an obsidian statue
 11078 | D:11     | Noticed Erica
 11088 | D:11     | Killed Erica
 11089 | D:11     | Reached XP level 12. HP: 76/76 MP: 12/12
 11265 | D:11     | Received a gift from Trog
 11426 | D:12     | Noticed Erolcha
 11443 | D:12     | Killed Erolcha
 11444 | D:12     | Reached skill level 10 in Dodging
 11467 | D:12     | Reached skill level 12 in Maces & Flails
 11483 | D:12     | Noticed a two-headed ogre
 11490 | D:12     | Killed a two-headed ogre
 11490 | D:12     | Reached ****** piety under Trog
 11506 | D:12     | Found a frozen archway.
 11536 | D:12     | Noticed a two-headed ogre
 11540 | D:12     | Killed a two-headed ogre
 11572 | IceCv    | Entered an ice cave
 11659 | IceCv    | Reached skill level 10 in Fighting
 12036 | IceCv    | Found an ancient bone altar of Kikubaaqudgha.
 12043 | IceCv    | Reached XP level 13. HP: 82/82 MP: 13/13
 12050 | IceCv    | Received a gift from Trog
 12272 | IceCv    | Reached skill level 10 in Armour
 13009 | D:13     | Noticed Azrael
 13209 | D:13     | Killed Azrael
 13210 | D:13     | Reached skill level 13 in Maces & Flails
 13925 | D:14     | Noticed Agnes
 13935 | D:14     | Killed Agnes
 14916 | D:14     | Gained mutation: Your large and strong wings let you fly
                  | indefinitely. [Gargoyle growth]
 14916 | D:14     | Reached XP level 14. HP: 78/90 MP: 11/14
 14978 | D:14     | Found a gate to the Vaults.
 15263 | D:14     | Reached skill level 14 in Maces & Flails
 15348 | D:15     | Entered Level 15 of the Dungeon
 15748 | D:15     | Received a gift from Trog
 16732 | D:15     | Found a staircase to the Depths.
 17205 | D:4      | Killed Blork the orc
 17478 | D:11     | You are sucked into a shaft and drop 3 floors!
 17702 | Lair:1   | Entered Level 1 of the Lair of Beasts
 17702 | Lair:1   | Noticed Fannar
 17722 | Lair:1   | Killed Fannar
 18018 | Lair:1   | Noticed Sonja
 18028 | Lair:1   | Killed Sonja
 18706 | Lair:2   | Noticed Junaliek's ghost (journeyman MiFi)
 18715 | Lair:2   | Found a transporter.
 18719 | Lair:2   | Found a transporter.
 19185 | Lair:2   | Received a gift from Trog
 19251 | Lair:2   | Reached XP level 15. HP: 94/96 MP: 5/15
 19798 | Lair:2   | Killed Junaliek's ghost
 20247 | Lair:3   | Reached skill level 15 in Maces & Flails
 20355 | Lair:3   | Found a staircase to the Shoals.
 20489 | Lair:3   | Found a staircase to the Snake Pit.
 21992 | Lair:4   | Received a gift from Trog
 23375 | Lair:5   | You are sucked into a shaft and drop 1 floor!
 23375 | Lair:6   | Entered Level 6 of the Lair of Beasts
 23544 | Lair:5   | Received a gift from Trog
 24323 | Lair:6   | Reached XP level 16. HP: 98/104 MP: 5/16
 25301 | Lair:6   | Found a staircase to the Slime Pits.
 25327 | Lair:6   | Found a viscous altar of Jiyva.
 25327 | Lair:6   | Noticed an azure jelly
 25337 | Lair:6   | Killed an azure jelly
 25340 | Lair:6   | Received a gift from Trog
 25368 | Lair:6   | HP: 1/105 [large slime creature (9)]
 25369 | Lair:6   | Slain by a slime creature

Illustrated notes

Levels and vault maps discovered:
D:1:      grunt_arrival_lava_bath, layout_loops_ring
D:2:      layout_loops_ring, chequers_ecumenical_altar_grove,
          makhleb_altar_promises_db, uniq_jessica, uniq_crazy_yiuf_cottage,
          uniq_natasha
D:3:      layout_rooms, minmay_snake_closets
D:4:      minmay_chambers_of_twos, layout_basic, tgw_sif, serial_shops,
          nicolae_shop_behind_doors, uniq_grinder
D:5:      layout_cave_pools, temple_pool_b, st_stairs_8,
          nicolae_dithmenos_shadow_blocks, uniq_edmund
D:6:      layout_basic, serial_shops, shop
D:7:      minmay_clustersquares, layout_gridville, xom_confusion_cloud
D:8:      layout_basic, erik_lair_island, enter_bailey_3, serial_shops,
          kennysheep_little_box, amcnicky_mini_corridor_feature, uniq_psyche
D:9:      layout_loops_cross, ebering_ghost_reflecting_pool, serial_shops,
          nicolae_shop_behind_doors, chequers_avenue
D:10:     layout_rooms, serial_shops, shop, chequers_serial_rivers_large_b,
          st_stairs_1, uniq_harold, uniq_nergalle
D:11:     layout_loops_cross, erik_orc_1, serial_shops, shop_scrolls,
          enter_trove_6, minmay_misc_feat_tiny, minmay_strange_pillars,
          minivault_16, chequers_serial_rivers_micro_d, uniq_erica
D:12:     layout_rooms, portal_ice_cave_entry_pillars_1, lightli_minifort,
          uniq_erolcha
D:13:     layout_cave_pools, uniq_azrael
D:14:     layout_cave_pools, grunt_vaults_entry_tiered, dk_noncrumbling_2,
          uniq_agnes
D:15:     grunt_enter_depths_snipers, layout_basic, minmay_misc_feat_five
Temple:   dpeg_three_leaves_temple
Lair:1:   layout_chaotic_city, serial_bayou, serial_bayou_lake_a,
          serial_bayou_pond_c, serial_bayou_pond_e, serial_bayou_ford_a,
          uniq_fannar, uniq_sonja
Lair:2:   layout_gridlike, gammafunk_ghost_hive, special_room
          [special_room_bee], roderic_batcave, grunt_megastairs_4
Lair:3:   layout_gridlike, elwin_shoals_entry_stream,
          minmay_snake_entry_six_corridors, bh_autumn_forest_stairs
Lair:4:   nzn_winding_woodlands_stair_cross
          [nzn_winding_woodlands_5x15_split_checker,
          nzn_winding_woodlands_center_triple_pond,
          nzn_winding_woodlands_5x15_sawtooth, nzn_winding_woodlands_5x5_three,
          nzn_winding_woodlands_hourglass, nzn_winding_woodlands_5x15_parted,
          nzn_winding_woodlands_center_pierced_h,
          nzn_winding_woodlands_5x15_crooked], layout_cave_pods
Lair:5:   layout_loops_ring, bobbens_dragon_lair_wall, serial_bayou_shore_a,
          lemuel_fruit_fields
Lair:6:   hangedman_lair_tendril_chambers, layout_misc_corridors,
          guppyfry_lair_end_dragon, minmay_slime_entry_eyes, special_room
          [special_room_jelly]

Skill      XL: |  1  2  3  4  5  6  7  8  9 10 11 12 13 14 15 |
---------------+----------------------------------------------+-----
Dodging        | 2 3 4 5 6 8 9 10 11 12 13 | 13.6
Fighting       | 4 5 6 8 9 10 11 12 13 | 13.8
Maces & Flails | 4 5 7 8 9 11 12 13 14 15 | 15.9
Armour         | 3 4 5 6 7 8 9 10 11 13 | 13.5

Action                   |  1- 3 |  4- 6 |  7- 9 | 10-12 | 13-15 | 16-18 || total
-------------------------+-------+-------+-------+-------+-------+-------++-------
Melee: Mace              |    82 |   170 |   210 |       |       |       ||   462
       Flail             |       |       |   106 |   573 |   695 |       ||  1374
       Great mace        |       |       |       |       |   629 |   175 ||   804
Throw: Throwing net      |       |       |       |     1 |       |       ||     1
Invok: Berserk           |     3 |     4 |    10 |    12 |     9 |     3 ||    41
       Trog's Hand       |       |       |     1 |     4 |     1 |     1 ||     7
 Abil: Fly               |       |       |       |       |     1 |       ||     1
  Use: Scroll            |       |     7 |     7 |     6 |    18 |     1 ||    39
       Potion            |       |     1 |       |     1 |     2 |     1 ||     5
 Stab: Sleeping          |       |     3 |       |     1 |       |       ||     4
       Petrified         |       |       |       |       |     5 |       ||     5
Armor: Animal skin       |    25 |    59 |       |       |       |       ||    84
       Ring mail         |       |    42 |   178 |    75 |   473 |    95 ||   863
       Leather armour    |       |       |    48 |   145 |    19 |       ||   212
Dodge: Dodged            |    51 |   159 |   312 |   496 |  1050 |   233 ||  2301
Block: Other             |       |       |    37 |   272 |   517 |    93 ||   919
